 Dungeon Crawl Stone Soup version 0.18-a0-1443-ge8f1551 (webtiles) character file.

56 Melyas the Chiller (level 3, 0/27 HPs)
             Began as a Draconian Ice Elementalist on Mar 1, 2016.
             Slain by a giant newt (2 damage)
             ... on level 2 of the Dungeon.
             The game lasted 00:14:14 (2233 turns).

Melyas the Chiller (Draconian Ice Elementalist)     Turns: 2233, Time: 00:14:14

Health: 0/27       AC:  5    Str: 11    XL:     3   Next: 71%
Magic:  0/6        EV: 12    Int: 15    God:
Gold:   21         SH:  0    Dex: 11    Spells: 2 memorised, 3 levels left

rFire  . . .     SeeInvis .     q - +0 mace
rCold  . . .     Gourm    .     (armour unavailable)
rNeg   . . .     Faith    .     (no shield)
rPois  .         Spirit   .     (helmet restricted)
rElec  .         Dismiss  .     (no cloak)
rCorr  .         Reflect  .     (no gloves)
SustAt .         Harm     .     (no boots)
MR     .....                    (no amulet)
Stlth  ++........               (no ring)
                                (no ring)

@: very slightly contaminated, not resistant to hostile enchantments, unstealthy
A: unfitting armour, cold-blooded, AC +5
a: no special abilities


You were on level 2 of the Dungeon.
You were not hungry.

You visited 1 branch of the dungeon, and saw 2 of its levels.

You collected 21 gold pieces.

Inventory:

Hand Weapons
 c - a +0 club
 e - a +0 short sword
 q - a +0 mace (weapon)
Missiles
 g - 17 stones
 n - 4 bolts (quivered)
Scrolls
 d - a scroll of identify {unknown}
 m - a scroll of remove curse {unknown}
Potions
 i - a potion of curing {unknown}
 o - a potion of heal wounds {unknown}
 p - a potion of invisibility {unknown}
Books
 a - a book of Frost

   Spells                             Type                      Level
   a - Freeze                         Ice                          1
   b - Throw Frost                    Conjuration/Ice              2
   c - Ozocubu's Armour               Charms/Ice                   3
   d - Throw Icicle                   Conjuration/Ice              4
   e - Summon Ice Beast               Ice/Summoning                4
Comestibles
 b - 2 bread rations
 h - a beef jerky
 l - a slice of pizza


   Skills:
 + Level 0.4 Fighting
 + Level 0.2 Short Blades
 + Level 3.0 Dodging
 + Level 2.0 Stealth
 + Level 2.0 Spellcasting
 + Level 1.2 Conjurations
 + Level 3.4 Ice Magic


You had 3 spell levels left.
You knew the following spells:

 Your Spells              Type           Power        Failure   Level  Hunger
a - Freeze                Ice            ##..         8%          1    #......
b - Throw Frost           Conj/Ice       #.....       14%         2    ###....


Dungeon Overview and Level Annotations

Branches:
Dungeon (2/15)

Altars:


Innate Abilities, Weirdness & Mutations

Your plain brown scales are hard (AC +5).
Your body does not fit into most forms of armour.
You are cold-blooded and may be slowed by cold attacks.


Message History

Tossing away (i - inventory. (,) - cycle):
n - 7 bolts (quivered)
Press: ? - help, Shift-Dir - straight line, f/p - giant newt
Aim: a giant newt You toss away a bolt.
The bolt barely misses the giant newt.
The giant newt barely misses you. x2
Tossing away (i - inventory. (,) - cycle):
n - 6 bolts (quivered)
Press: ? - help, Shift-Dir - straight line, f/p - giant newt
Aim: a giant newt You toss away a bolt.
The bolt hits the giant newt but does no damage.
The giant newt bites you but does no damage.
You closely miss the giant newt.
The giant newt bites you but does no damage.
The giant newt closely misses you.
Tossing away (i - inventory. (,) - cycle):
n - 5 bolts (quivered)
Press: ? - help, Shift-Dir - straight line, f/p - giant newt
Aim: a giant newt You toss away a bolt.
The bolt barely misses the giant newt.
The giant newt bites you.
You die...

#.# #.# #.# #.# #.#
#.# #.# #.# ##.####.#
##.......# ####
#........###....g
#.###...####.........
#.........@l.....(##g
..###...#######..(#
##...# ####
#########....#
.............##
########.##.#..##
................#
########.##.#..##
##...#..#


You could see a giant newt.

Vanquished Creatures
  A gnoll (D:2)
  An adder (D:2)
  2 worms (D:2)
  A dart slug (D:1)
  A ball python (D:1)
  2 giant cockroaches (D:1)
  3 goblins (D:1)
  2 hobgoblins (D:1)
  2 kobolds
  8 bats
  A giant newt (D:1)
  7 rats (D:1)
31 creatures vanquished.

Notes
Turn   | Place    | Note
--------------------------------------------------------------
     0 | D:1      | Melyas the Draconian Ice Elementalist began the quest for the Orb.
     0 | D:1      | Reached XP level 1. HP: 14/14 MP: 3/3
   831 | D:1      | Reached XP level 2. HP: 17/20 MP: 5/5
   851 | D:1      | Learned a level 2 spell: Throw Frost
  1535 | D:1      | Reached XP level 3. HP: 25/27 MP: 6/6
  2226 | D:2      | HP: 1/27 [gnoll (7)]
  2233 | D:2      | Slain by a giant newt

Vault maps used:
D:1:      dpeg_arrival_subterranean_lakeside_camping, roderic_greek_sauvastika
D:2:      gammafunk_pakellas_spire_experiment,
          gammafunk_temple_overflow_elements, uniq_sigmund,
          uniq_crazy_yiuf_cottage, uniq_natasha

Skill      XL: |  1  2  3 |
---------------+----------+-----
Dodging        | 2 3 |  3.0
Stealth        | 2 |  2.0
Fighting       | |  0.4
Short Blades   | |  0.2
Spellcasting   | |  2.0
Conjurations   | |  1.2
Ice Magic      | |  3.4

Action                   || total
-------------------------++-------
Melee: Club              ||    29
       Short sword       ||    64
       Unarmed           ||     6
       Mace              ||    18
 Cast: Throw Frost       ||    12
       Freeze            ||     3
 Stab: Sleeping          ||     2
  Eat: Chunk             ||     2
       Meat ration       ||     1
